 Dungeon Crawl Stone Soup version 0.30.1-3-gfc49f6343a (webtiles) character file.

Game seed: 3784070636945908920

78009 GeoRichter the Bludgeoner (level 15, 0/127 HPs)
             Began as a Merfolk Brigand on July 21, 2023.
             Was the Champion of the Shining One.
             Slain by a death knight
             ... wielding a +4 great sword of flaming
              (12 damage)
             ... on level 14 of the Dungeon.
             The game lasted 00:47:29 (25867 turns).

GeoRichter the Bludgeoner (Merfolk Brigand)        Turns: 25867, Time: 00:47:29

Health: 0/127      AC: 19    Str: 18    XL:     15   Next: 58%
Magic:  0/20       EV: 18    Int:  8    God:    the Shining One [******]
Gold:   746        SH:  5    Dex: 24    Spells: 8/14 levels left

rFire   + + .        a - +5 sacred scourge (holy)
rCold   + . .        H - +0 buckler
rNeg    + + +        N - +0 fire dragon scales
rPois   .            q - +0 helmet {SInv}
rElec   .            c - +0 cloak
rCorr   +            M - +0 pair of gloves
SInv    +            F - +1 pair of boots {rampage}
Will    +++..        T - amulet "Muuciy" {Spirit +Inv Fly rC+ Will+}
Stlth   +            i - ring "Hiusim" {rC+ Will+ AC+4}
HPRegen 0.41/turn    I - ring "Tiogg" {rN+ rCorr Str+3 Int-2 Dex+6}
MPRegen 0.17/turn

%: guardian spirit, rampage
@: flying, glowing, studying Polearms
A: (nimble swimmer 2), mertail, clumsy 1
a: Renounce Religion, Evoke Invisibility, Divine Shield, Cleansing Flame, Summon
Divine Warrior


You were on level 14 of the Dungeon.
You worshipped the Shining One.
The Shining One was exalted by your worship.
You visited 4 branches of the dungeon, and saw 22 of its levels.
You also visited: Bailey, Gauntlet and Volcano.

You collected 3205 gold pieces.
You spent 2459 gold pieces at shops.

Inventory:

Hand Weapons
 a - a +5 sacred scourge of holy wrath (weapon) (the Shining One gifted it to you in a Gauntlet)
 b - a +0 eveningstar of flaming
   (You found it on level 7 of the Dungeon)
Missiles
 s - 5 silver javelins
 t - 6 curare-tipped darts {!f}
 S - 7 throwing nets {!f}
Armour
 c - a +0 cloak (worn)
 q - a +0 helmet of see invisible (worn)
   (You found it in a Gauntlet)
 F - a +1 pair of boots of rampaging (worn)
   (You bought it in a shop on level 10 of the Dungeon)
 H - a +0 buckler (worn)
   (You found it on level 2 of the Lair of Beasts)
 M - a +0 pair of gloves (worn)
   (You found it on level 7 of the Dungeon)
 N - +0 fire dragon scales (worn)
   (You found it in a volcano)
 W - a +0 troll leather armour
   (You found it on level 11 of the Dungeon)
Jewellery
 i - the ring "Hiusim" (left hand) {rC+ Will+ AC+4}
   (You bought it in a shop on level 2 of the Orcish Mines)

   [ring of protection]

   AC:        It affects your AC (+4).
   rC:        It protects you from cold.
   Will:      It increases your willpower.
 p - a ring of poison resistance
   (You found it on level 8 of the Dungeon)
 z - an amulet of regeneration
   (You found it on level 6 of the Dungeon)
 I - the ring "Tiogg" (right hand) {rN+ rCorr Str+3 Int-2 Dex+6}
   (You found it on level 10 of the Dungeon)

   [ring of dexterity]

   Str:       It affects your strength (+3).
   Int:       It affects your intelligence (-2).
   Dex:       It affects your dexterity (+6).
   rN:        It protects you from negative energy.
   rCorr:     It protects you from acid and corrosion.
 T - the amulet "Muuciy" (around neck) {Spirit +Inv Fly rC+ Will+}
   (You found it in a bailey)

   [amulet of guardian spirit]

   It causes incoming damage to be divided between your reserves of health and
   magic.
   rC:        It protects you from cold.
   +Inv:      It lets you turn invisible.
   Fly:       It grants you flight.
   Will:      It increases your willpower.
 X - an amulet of faith {!P}
   (You found it on level 11 of the Dungeon)
Wands
 d - a wand of light (1)
   (You found it on level 4 of the Lair of Beasts)
 j - a wand of flame (37) (quivered)
   (You took it off Joseph on level 8 of the Dungeon)
 E - a wand of paralysis (16)
   (You found it on level 6 of the Dungeon)
 O - a wand of digging (7)
   (You found it on level 8 of the Dungeon)
 U - a wand of polymorph (1)
   (You found it on level 11 of the Dungeon)
 V - a wand of roots (4)
   (You found it on level 11 of the Dungeon)
Scrolls
 e - 4 scrolls of immolation {!r}
 k - 2 scrolls of fear
 m - 7 scrolls of teleportation {@r4}
 w - 4 scrolls of silence
 y - 2 scrolls of enchant weapon
 C - 3 scrolls of poison {!r}
 D - 2 scrolls of noise {!r}
 G - 2 scrolls of brand weapon
 L - a scroll of fog
 P - 4 scrolls of amnesia
 R - 2 scrolls of vulnerability {!r}
Potions
 f - 2 potions of haste {@q3}
 g - 6 potions of attraction {!q}
 h - 8 potions of degeneration {!q}
 l - 4 potions of brilliance
 n - 8 potions of lignification {!q}
 o - 3 potions of ambrosia
 u - 2 potions of mutation {!q}
 v - 4 potions of flight
 x - 2 potions of cancellation {unknown}
 A - a potion of magic {unknown}
 J - 5 potions of berserk rage
 K - 2 potions of invisibility {unknown}
 Y - 5 potions of curing {@q1}
 Z - 5 potions of might
Miscellaneous
 r - a lightning rod (4/4) {!a}
   (You found it in a Gauntlet)
 B - a phantom mirror
   (You found it on level 14 of the Dungeon)
 Q - a condenser vane
   (You found it on level 9 of the Dungeon)


   Skills:
 + Level 14.3 Fighting
 - Level 2.4(3.0) Short Blades
 - Level 2.6(3.1) Long Blades
 - Level 16.0 Maces & Flails
 - Level 2.0 Throwing
 + Level 5.3 Armour
 - Level 13.2 Dodging
 - Level 4.3 Stealth
 + Level 7.8 Invocations
 - Level 4.0 Evocations


You had 8 spell levels left.
You knew the following spells:

 Your Spells              Type           Power      Damage    Failure   Level
a - Wereblood             Tmut           0%         N/A       97%         2
b - Manifold Assault      Tloc           0%         N/A       100%        4

Your spell library contained the following spells:

 Spells                   Type           Power      Damage    Failure   Level
 Beastly Appendage        Tmut           0%         N/A       91%         1
 Summon Small Mammal      Summ           0%         N/A       91%         1
 Blink                    Tloc           0%         N/A       97%         2
 Lesser Beckoning         Tloc           0%         N/A       97%         2
 Momentum Strike          Conj/Tloc      0%         3d8       97%         2
 Poisonous Vapours        Pois/Air       0%         N/A       97%         2
 Sublimation of Blood     Necr           0%         N/A       97%         2
 Call Canine Familiar     Summ           0%         N/A       99%         3
 Hailstorm                Conj/Ice       0%         3d3       99%         3
 Portal Projectile        Hex/Tloc       0%         N/A       99%         3
 Spider Form              Tmut/Pois      0%         N/A       99%         3
 Summon Guardian Golem    Hex/Summ       0%         N/A       99%         3
 Tukima's Dance           Hex            0%         N/A       99%         3
 Volatile Blastmotes      Fire/Tloc      0%         2d10      99%         3
 Ice Form                 Ice/Tmut       0%         N/A       100%        4
 Olgreb's Toxic Radiance  Pois           0%         N/A       100%        4
 Passage of Golubria      Tloc           0%         N/A       100%        4
 Petrify                  Tmut/Erth      0%         N/A       100%        4
 Blade Hands              Tmut           0%         N/A       100%        5
 Fireball                 Conj/Fire      0%         3d3       100%        5
 Irradiate                Conj/Tmut      0%         3d11      100%        5
 Iskenderun's Battlesphe  Conj           0%         2d6       100%        5
 Conjure Ball Lightning   Conj/Air       0%         3x3d6     100%        6
 Iron Shot                Conj/Erth      0%         9d1       100%        6
 Simulacrum               Ice/Necr       0%         N/A       100%        6
 Orb of Destruction       Conj           0%         9d5       100%        7
 Spellforged Servitor     Conj/Summ      0%         N/A       100%        7
 Storm Form               Tmut/Air       0%         N/A       100%        7
 Discord                  Hex            0%         N/A       100%        8
 Ignition                 Fire           0%         3d3       100%        8


Dungeon Overview and Level Annotations

Branches:
Dungeon (14/15) Zot: 26201  Temple (1/1) D:7 Zot: 5805    Lair (5/5) D:11 Zot: 24139
  Swamp (0/4) Lair:2       Spider (0/4) Lair:2        Slime (0/5) Lair:4
    Orc (2/2) D:12 Zot: 10220     Elf (0/3) Orc:2        Vaults (0/5) D:13
 Bailey (visited)         Volcano (visited)         Gauntlet (visited)

Altars:
Ashenzari
Cheibriados
Dithmenos
Elyvilon
Fedhas
Gozag
Hepliaklqana
Kikubaaqudgha
Makhleb
Nemelex Xobeh
Okawaru
Qazlal
Ru
Sif Muna
Trog
Uskayaw
Vehumet
Wu Jian
Xom
Yredelemnul
Zin
The Shining One

Shops:
D:1 (   D:10 [   Orc:1 [   Orc:2 =(!:

Annotations:
D:3 3 runed translucent doors, zxspectator's ghost, amateur FoFi
D:9 exclusion: door
D:14 Roxanne
Lair:4 exclusion: 3 oklob plants
Lair:5 exclusion: obsidian statue


Innate Abilities, Weirdness & Mutations

((You are very nimble when in or above water. (Stealth+, EV+, Speed+++)))
Your lower body shifts to a powerful aquatic tail in water.
You are clumsy. (Dex -2)


Message History

A death knight is nearby!
You rampage towards the death knight!
Found 6 gold pieces.
The death knight hits you with a +4 great sword of flaming!!
The death knight burns you.
You hit the death knight but do no damage.
You hit the death knight but do no damage.
The death knight hits you with a +4 great sword of flaming!!!
You hit the death knight but do no damage.
You hit the death knight.
The death knight is lightly wounded.
The death knight calls down the wrath of Yredelemnul upon you.
You resist with almost no effort.
You barely miss the death knight.
The death knight mumbles some strange prayers to Yredelemnul against you.
You resist with almost no effort.
You hit the death knight but do no damage.
You barely miss the death knight.
The death knight hits you with a +4 great sword of flaming!!
* * * LOW HITPOINT WARNING * * *
The death knight burns you.
* * * LOW HITPOINT WARNING * * *
You whack the death knight!
The death knight is lightly wounded.
You barely miss the death knight.
The death knight is lightly wounded.
The death knight misses you.
You whack the death knight!
The death knight is moderately wounded.
You whack the death knight!
The death knight is heavily wounded.
You block the death knight's attack.
You hit the death knight but do no damage.
The death knight is heavily wounded.
The death knight hits you with a +4 great sword of flaming!!
* * * LOW HITPOINT WARNING * * *
The death knight burns you.
* * * LOW HITPOINT WARNING * * *
You hit the death knight.
The death knight is heavily wounded.
You whack the death knight!
The death knight is severely wounded.
The death knight offers itself to Yredelemnul, and fills with unholy energy.
You whack the death knight!
The death knight is almost dead.
The death knight reflects your damage back at you!
* * * LOW HITPOINT WARNING * * *
You barely miss the death knight.
The death knight is almost dead.
The death knight hits you with a +4 great sword of flaming!
You die...

......$..# .........
...[...# #)..# .. ......#
#...# #. ####..##.#
#...#..
#.....##.######...#.
#.....##...........
+.......@p........
#.....##########.#######
+.......................
#.....##########.#.8.###
#.........######.# ...# #
#......##.#......# #...
... ..#.#......##.###.##.#
..
...##...#.............##.#
.
...........#...######.##.#


You could see a death knight (reflects damage).

Vanquished Creatures
  Rupert (Lair:4)
  A very ugly thing (D:13)
  Nessos (Lair:4)
  4 dire elephants (Lair:5)
  A red draconian (Volcano)
  A minotaur (Gauntlet)
  A vault guard (D:13)
  2 rakshasas
  Erolcha (Orc:2)
  3 hydras
  A catoblepas (D:13)
  3 centaur warriors
  5 two-headed ogres
  4 boulder beetles
  A tengu warrior (D:13)
  Urug (D:10)
  10 death yaks (Lair:5)
  Sonja (Lair:4)
  A skyshark (Lair:5)
  A spectral death yak (Lair:5)
  A skeletal warrior (D:11)
  A spectral anaconda (Lair:5)
  A bog body (Lair:2)
  4 necromancers (Lair:5)
  2 wizards (Gauntlet)
  An orc knight (Orc:2)
  9 orc sorcerers (Orc:2)
  An ugly thing (D:11)
  3 cyclopes
  A manticore (D:11)
  Maurice (Orc:2)
  A black mamba (shapeshifter) (D:13)
  A black mamba (Lair:1)
  18 elephants
  Joseph (D:8)
  7 cane toads
  A gargoyle (D:11)
  2 unseen horrors (D:11)
  2 dire elephant skeletons (Lair:5)
  2 yaktaurs (Volcano)
  Psyche (D:8)
  A torpor snail (Gauntlet)
  2 komodo dragons
  A freezing wraith (D:13)
  A kobold demonologist (D:11)
  A tengu conjurer (D:14)
  7 trolls
  3 polar bears
  2 hornets
  8 blink frogs (Lair:5)
  Grinder (D:5)
  17 dream sheep (Lair:5)
  5 slime creatures (D:12)
  2 culicivoras (Lair:2)
  Sigmund (D:3)
  A dire elephant simulacrum (Lair:5)
  33 yaks
  A shadow (D:10)
  10 humans (D:13)
  A vampire (D:14)
  6 wraiths
  Grum (Bailey)
  5 wyverns
  4 fire bats (D:9)
  Eustachio (D:4)
  3 steam dragons
  2 basilisks (Lair:5)
  2 acid dragons
  7 water moccasins
  A spectral cane toad (Lair:5)
  A warg (Orc:2)
  4 black bears
  14 orc warriors
  2 elephant zombies (Lair:5)
  8 wolves
  7 ogres
  9 centaurs
  3 phantoms
  2 elephant skeletons (Lair:5)
  3 kobold brigands
  9 bullfrogs
  8 gnoll sergeants (Bailey)
  4 scorpions
  4 cane toad simulacra (Lair:5)
  3 wights (D:9)
  An elephant simulacrum (Lair:5)
  7 jellies
  7 hounds
  9 orc priests
  9 gnoll boudas
  Jessica (D:3)
  2 sleepcaps
  6 iguanas
  28 orc wizards
  17 gnolls
  5 adders
  4 shadow imps
  4 white imps
  A worm (D:4)
  3 dart slugs
  70 orcs
  3 bats
  13 endoplasms
  A giant cockroach (D:3)
  4 goblins
  8 hobgoblins
  7 jackals
  20 kobolds
  A quokka (D:3)
  5 ball pythons
  3 frilled lizards (D:1)
  9 rats
564 creatures vanquished.

Vanquished Creatures (others)
  A human (D:13)
  An orc wizard (Orc:2)
2 creatures vanquished.

Grand Total: 566 creatures vanquished

Notes
Turn   | Place    | Note
-------+----------+-------------------------------------------
     0 | D:1      | GeoRichter the Merfolk Brigand began the quest for the Orb.
     0 | D:1      | Reached XP level 1. HP: 16/16 MP: 1/1
    49 | D:1      | Reached skill level 1 in Long Blades
    56 | D:1      | Reached XP level 2. HP: 17/23 MP: 2/2
   246 | D:1      | Reached XP level 3. HP: 15/28 MP: 3/3
   309 | D:1      | Found Puesaeli's Antique Weapon Shoppe.
  1320 | D:2      | Reached skill level 1 in Maces & Flails
  1497 | D:2      | Reached XP level 4. HP: 29/34 MP: 4/4
  1970 | D:3      | Found a shadowy altar of Dithmenos.
  1972 | D:3      | Noticed Sigmund
  1982 | D:3      | Killed Sigmund
  1983 | D:3      | Reached skill level 3 in Maces & Flails
  1983 | D:3      | Reached XP level 5. HP: 30/40 MP: 5/5
  2083 | D:3      | Noticed Jessica
  2093 | D:3      | Killed Jessica
  2094 | D:3      | Reached skill level 4 in Maces & Flails
  2094 | D:3      | Reached XP level 6. HP: 46/46 MP: 6/6
  2162 | D:3      | Found a faded altar of an unknown god.
  2462 | D:3      | Found a runed translucent gate.
  2463 | D:3      | Found a runed translucent gate.
  2464 | D:3      | Found a runed translucent gate.
  2470 | D:3      | Noticed zxspectator's ghost (amateur FoFi)
  2990 | D:4      | Found an ancient bone altar of Kikubaaqudgha.
  3040 | D:4      | Reached skill level 5 in Maces & Flails
  3073 | D:4      | HP: 2/46 [phantom (1)]
  3236 | D:4      | Found a snail-covered altar of Cheibriados.
  3289 | D:4      | Reached XP level 7. HP: 17/51 MP: 7/7
  3753 | D:4      | Found a glowing golden altar of the Shining One.
  3764 | D:4      | Noticed an angel
  3769 | D:4      | Found a basalt altar of Yredelemnul.
  3771 | D:4      | Noticed a profane servitor
  3782 | D:4      | Became a worshipper of the Shining One
  3818 | D:4      | Found an iron altar of Okawaru.
  4625 | D:5      | Entered Level 5 of the Dungeon
  4667 | D:5      | Noticed Grinder
  4701 | D:4      | Reached skill level 6 in Maces & Flails
  4807 | D:5      | Noticed Eustachio
  4833 | D:5      | HP: 1/51 [Eustachio/+0 falchion (10)]
  5158 | D:4      | Killed Eustachio
  5435 | D:5      | Reached XP level 8. HP: 56/57 MP: 8/8
  5494 | D:5      | Killed Grinder
  5495 | D:5      | Reached skill level 7 in Maces & Flails
  6137 | D:5      | Found a blossoming altar of Fedhas.
  6266 | D:6      | Reached skill level 8 in Maces & Flails
  6773 | D:6      | Reached XP level 9. HP: 42/63 MP: 9/9
  6905 | D:6      | Reached skill level 9 in Maces & Flails
  7418 | D:6      | Found a sacrificial altar of Ru.
  7602 | D:7      | Found a bloodstained altar of Trog.
  7639 | D:7      | Reached skill level 5 in Fighting
  7675 | D:7      | Found a staircase to the Ecumenical Temple.
  7752 | D:7      | Reached skill level 10 in Maces & Flails
  7800 | Temple   | Entered the Ecumenical Temple
  8437 | D:7      | Reached * piety under the Shining One
  8595 | D:8      | Reached XP level 10. HP: 35/76 MP: 10/10
  8691 | D:8      | Found an ornate altar of the Wu Jian Council.
  8734 | D:8      | Noticed Joseph
  8748 | D:8      | Killed Joseph
  8782 | D:8      | Noticed Psyche
  8794 | D:8      | Killed Psyche
  8871 | D:8      | Reached skill level 11 in Maces & Flails
  9143 | D:1      | Bought an ichor-stained eveningstar for 460 gold pieces
  9143 | D:1      | Identified the +4 eveningstar of Dyeqeppu {pain, rPois rC-
                  | rN++ Int+3} (You bought it in a shop on level 1 of the
                  | Dungeon)
  9401 | D:8      | Noticed a two-headed ogre
  9420 | D:8      | Killed a two-headed ogre
  9778 | D:8      | Found an opulent altar of Gozag.
  9779 | D:8      | Found a sparkling altar of Nemelex Xobeh.
  9979 | D:9      | Noticed a two-headed ogre
  9995 | D:9      | Killed a two-headed ogre
  9996 | D:9      | Reached skill level 12 in Maces & Flails
 10019 | D:9      | Noticed a two-headed ogre
 10029 | D:9      | Killed a two-headed ogre
 10030 | D:9      | Reached XP level 11. HP: 65/87 MP: 11/11
 10070 | D:9      | Found a flagged portal.
 10079 | Bailey   | Entered a bailey
 10235 | Bailey   | Reached ** piety under the Shining One
 10351 | Bailey   | Reached skill level 1 in Invocations
 10430 | Bailey   | Noticed Grum
 10486 | Bailey   | Killed Grum
 10905 | Bailey   | Identified the amulet "Muuciy" {Spirit +Inv Fly rC+ Will+}
 11739 | D:10     | Entered Level 10 of the Dungeon
 11796 | D:10     | Noticed Urug
 11810 | D:10     | Killed Urug
 11932 | D:10     | Found a broken altar of Ashenzari.
 11950 | D:10     | Found Kurchur's Antique Armour Shop.
 11957 | D:10     | Bought a brightly glowing scale mail for 252 gold pieces
 11957 | D:10     | Identified the +2 scale mail of Repulsion {MP+9} (You
                  | bought it in a shop on level 10 of the Dungeon)
 11957 | D:10     | Bought a pair of embroidered boots for 210 gold pieces
 12025 | D:10     | Identified the ring "Tiogg" {rN+ rCorr Str+3 Int-2 Dex+6}
 12597 | D:11     | Reached *** piety under the Shining One
 12769 | D:11     | Reached skill level 13 in Maces & Flails
 12936 | D:11     | Noticed a green ugly thing
 12942 | D:11     | Reached skill level 5 in Dodging
 12950 | D:11     | Killed a green ugly thing
 12998 | D:11     | Noticed a boulder beetle
 12999 | D:11     | Noticed a manticore
 13010 | D:11     | Killed a manticore
 13011 | D:11     | Reached XP level 12. HP: 73/97 MP: 11/15
 13114 | D:11     | Noticed a two-headed ogre
 13129 | D:11     | Killed a two-headed ogre
 13189 | D:11     | Found a staircase to the Lair.
 13271 | D:11     | Killed a boulder beetle
 13272 | D:11     | Reached skill level 10 in Fighting
 13272 | D:11     | Reached skill level 1 in Evocations
 13581 | Lair:1   | Entered Level 1 of the Lair of Beasts
 14419 | Lair:2   | Found a staircase to the Swamp.
 14443 | Lair:2   | Identified a scroll of acquirement
 14444 | Lair:2   | Acquired 362 gold pieces
 14763 | Lair:2   | Reached skill level 14 in Maces & Flails
 14766 | Lair:2   | Found a hole to the Spider Nest.
 16011 | Lair:4   | Noticed Nessos
 16023 | Lair:4   | Killed Nessos
 16024 | Lair:4   | Reached XP level 13. HP: 77/105 MP: 11/16
 16069 | Lair:4   | Noticed Sonja
 16080 | Lair:4   | Killed Sonja
 16192 | Lair:4   | Found a staircase to the Slime Pits.
 16221 | Lair:4   | Reached **** piety under the Shining One
 16522 | Lair:4   | Noticed Rupert
 16529 | Lair:4   | Paralysed by Rupert for 3 turns
 16534 | Lair:4   | Killed Rupert
 16695 | Lair:4   | You are sucked into a shaft and drop 1 floor!
 16695 | Lair:5   | Entered Level 5 of the Lair of Beasts
 17416 | Lair:5   | Reached skill level 15 in Maces & Flails
 17426 | Lair:5   | Reached skill level 10 in Dodging
 17720 | Lair:5   | Reached XP level 14. HP: 93/115 MP: 12/17
 18205 | Lair:5   | Noticed a dire elephant
 18211 | Lair:5   | Reached skill level 1 in Armour
 18216 | Lair:5   | Noticed a dire elephant
 18216 | Lair:5   | Noticed a dire elephant
 18216 | Lair:5   | Reached ***** piety under the Shining One
 18239 | Lair:5   | Noticed a dire elephant
 18259 | Lair:5   | Killed a dire elephant
 18513 | Lair:5   | Killed a dire elephant
 18535 | Lair:5   | Killed a dire elephant
 18889 | Lair:5   | Killed a dire elephant
 19334 | Lair:5   | Reached skill level 16 in Maces & Flails
 19796 | D:1      | Bought a runed demon whip for 414 gold pieces
 20582 | D:12     | Found a staircase to the Orcish Mines.
 20745 | D:12     | Reached skill level 5 in Invocations
 21009 | Orc:1    | Entered Level 1 of the Orcish Mines
 21148 | Orc:1    | Found Zuefyl's Armour Shoppe.
 21413 | Orc:2    | Entered Level 2 of the Orcish Mines
 21413 | Orc:2    | Found a staircase to the Elven Halls.
 21427 | Orc:2    | Found a dark tunnel.
 21436 | Volcano  | Entered a volcano
 21597 | Volcano  | Noticed a red draconian
 21601 | Volcano  | Killed a red draconian
 22133 | Orc:2    | Noticed Maurice
 22140 | Orc:2    | Reached XP level 15. HP: 124/124 MP: 19/19
 22152 | Orc:2    | Killed Maurice
 22515 | Orc:2    | Paralysed by an orc sorcerer for 3 turns
 22588 | Orc:2    | Found an ancient bone altar of Kikubaaqudgha.
 22646 | Orc:2    | Noticed Erolcha
 22647 | Orc:2    | Found a radiant altar of Vehumet.
 22652 | Orc:2    | Killed Erolcha
 22832 | Orc:2    | Found Buun Bor's Jewellery Shoppe.
 22840 | Orc:2    | Bought the ring "Hiusim" {rC+ Will+ AC+4} for 778 gold
                  | pieces
 22875 | Orc:2    | Found Zatsaas's Book Shoppe.
 22875 | Orc:2    | Found Ewomiu's Antique Weapon Emporium.
 22893 | Orc:2    | Found Mienofig's Distillery.
 22904 | Orc:2    | Bought a potion of mutation for 120 gold pieces
 22904 | Orc:2    | Bought a potion of curing for 45 gold pieces
 22904 | Orc:2    | Bought 2 potions of might for 120 gold pieces
 22904 | Orc:2    | Bought a potion of might for 60 gold pieces
 23085 | D:13     | Found a broken altar of Ashenzari.
 23344 | D:13     | Found a gate leading to a gauntlet.
 23351 | Gauntlet | Entered a Gauntlet
 23351 | Gauntlet | Found a transporter.
 23351 | Gauntlet | Found a transporter.
 23351 | Gauntlet | Found a transporter.
 23353 | Gauntlet | Reached ****** piety under the Shining One
 23366 | Gauntlet | Found a transporter.
 23369 | Gauntlet | Found a transporter.
 23369 | Gauntlet | Found a transporter.
 23379 | Gauntlet | Found a transporter.
 23380 | Gauntlet | Identified a +2 sacred scourge of holy wrath (a +0 demon
                  | whip of draining blessed by the Shining One)
 23380 | Gauntlet | Received a gift from the Shining One
 23388 | Gauntlet | Found a transporter.
 23403 | Gauntlet | Found a transporter.
 23404 | Gauntlet | Found a transporter.
 23422 | Gauntlet | Found a transporter.
 23426 | Gauntlet | Found a transporter.
 23844 | Gauntlet | Gained mutation: You are clumsy. (Dex -2) [a neqoxec]
 24139 | Gauntlet | Got the Handbook of Rank Superposition
 24143 | Gauntlet | Learned a level 2 spell: Wereblood
 24148 | Gauntlet | Learned a level 4 spell: Manifold Assault
 24705 | D:13     | Found a gate to the Vaults.
 25069 | D:13     | Reached skill level 5 in Armour
 25455 | D:14     | Identified the +5 falchion of Enomud {flame, rN+ Int+6
                  | Dex+2}
 25832 | D:14     | Noticed Roxanne
 25867 | D:14     | Slain by a death knight

Illustrated notes

Levels and vault maps discovered:
D:1:      pf_arrival_petrified_forest, layout_basic, serial_shops, shop
D:2:      layout_basic
D:3:      layout_loops_corners, lemuel_crystal_altar,
          hellmonk_ecumenical_altar_crossroads, ebering_ghost_rock_garden,
          uniq_sigmund, uniq_jessica
D:4:      layout_basic, grunt_temple_overflow_holy_war,
          mainiacjoe_overflow_tiny_flanked, kennysheep_slug_shrine,
          mainiacjoe_overflow_catwalk, serial_bayou_pond_c
D:5:      layout_cave_pools, mainiacjoe_overflow_alcove_1, uniq_eustachio,
          uniq_grinder
D:6:      layout_basic, lemuel_round_altar, minmay_checkerbox
D:7:      layout_loops_cross, trog_ov_bears_minmay,
          minmay_temple_entry_glassed_door, minmay_misc_feat_pillars
D:8:      layout_rooms, gammafunk_temple_overflow_forgotten,
          hangedman_abyss_or_decor_lesser_grid, lemuel_flamethrower_1,
          uniq_joseph, uniq_psyche
D:9:      layout_long_grid, enter_bailey_6, hangedman_incinerator
D:10:     layout_irregular_city, lemuel_tele_altar, serial_shops, shop,
          uniq_urug
D:11:     layout_roguey [special_room_orc], lair_entry_dummy,
          chequers_serial_rivers_large_a, minmay_between
D:12:     wander_river, layout_basic, orc_0_dummy, serial_glass,
          glass_columns_a, glass_columns_b, minmay_misc_feat_room
D:13:     layout_loops_corners, ximxim_vaults_locker_room,
          gauntlet_entry_generic, ashenzari_altar_1
D:14:     minmay_ambush_box, layout_basic, minmay_misc_feat_plants, uniq_roxanne
Temple:   jpeg_temple_island
Lair:1:   layout_regular_city, grunt_megastairs_2
Lair:2:   layout_chaotic_city, skrybe_swamp_entry_bodies,
          hellmonk_spider_entry_life_and_decay, lemuel_fruit_tree
Lair:3:   layout_cellular_growth, infiniplex_staircase_pool_2
Lair:4:   layout_long_grid, nicolae_slime_entry_slimehenge, dpeg_oklob_1,
          uniq_nessos, uniq_rupert, uniq_sonja
Lair:5:   due_jungle_book, layout_cave_pods, chequers_serial_rivers_room_a,
          chequers_serial_rivers_marsh
Orc:1:    layout_caves, basic_altar, serial_shops, shop
Orc:2:    kennysheep_orc_mage_school, layout_caves,
          nicolae_volcano_entry_two_sided, basic_altar, uniq_maurice

Skill      XL: |  1  2  3  4  5  6  7  8  9 10 11 12 13 14 15 |
---------------+----------------------------------------------+-----
Long Blades    | 1 2 |  2.6
Maces & Flails | 1 3 4 5 6 8 10 12 13 14 15 16 | 16.0
Fighting       | 3 5 8 9 10 12 13 14 | 14.3
Dodging        | 5 8 10 12 13 | 13.2
Invocations    | 4 5 7 |  7.8
Evocations     | 3 4 |  4.0
Armour         | 3 5 |  5.3
Short Blades   | |  2.4
Throwing       | |  2.0
Stealth        | |  4.3

Action                     |  1- 3 |  4- 6 |  7- 9 | 10-12 | 13-15 || total
---------------------------+-------+-------+-------+-------+-------++-------
  Melee: Dagger            |   122 |    95 |   376 |       |       ||   593
         Punch             |     1 |     1 |     8 |    11 |       ||    21
         Tailslap          |       |       |     2 |    28 |       ||    30
         Eveningstar       |       |       |    49 |   635 |   957 ||  1641
         Sacred scourge    |       |       |       |       |   266 ||   266
  Throw: Dart              |    10 |    16 |    20 |    35 |     1 ||    82
 Invoke: Divine Shield     |       |       |       |     3 |     4 ||     7
         Brand Weapon With |       |       |       |       |     1 ||     1
  Evoke: Wand              |       |       |     7 |     6 |    18 ||    31
         Condenser vane    |       |       |       |     1 |     4 ||     5
    Use: Scroll            |       |     3 |     7 |    17 |    16 ||    43
         Potion            |       |     3 |     1 |     3 |     4 ||    11
   Stab: Sleeping          |    10 |     9 |       |       |       ||    19
         Distracted        |       |     1 |       |       |       ||     1
 Armour: Robe              |     3 |       |   135 |       |       ||   138
         Leather armour    |    32 |    30 |       |       |     1 ||    63
         Steam dragon scal |       |       |       |    97 |       ||    97
         Scale mail        |       |       |       |    24 |       ||    24
         Troll leather arm |       |       |       |    70 |   108 ||   178
         Fire dragon scale |       |       |       |       |   141 ||   141
  Dodge: Dodged            |    49 |    39 |   318 |   505 |   716 ||  1627
  Block: Other             |       |       |       |    20 |       ||    20
         Buckler           |       |       |       |    16 |   225 ||   241
